 Dungeon Crawl Stone Soup version 0.21-a0-201-g8501b10 (webtiles) character file.

102 tehllama the Insei (level 4, -9/28 HPs)
             Began as an Octopode Transmuter on Aug 18, 2017.
             Mangled by gaul's ghost (13 damage)
             ... on level 3 of the Dungeon.
             The game lasted 00:03:08 (2845 turns).

tehllama the Insei (Octopode Transmuter)            Turns: 2845, Time: 00:03:09

Health: -9/28      AC:  1    Str: 10    XL:     4   Next: 78%
Magic:  1/7        EV: 13    Int: 15    God:
Gold:   176        SH:  0    Dex: 12    Spells: 1/7 levels left

rFire    . . .     SeeInvis .     - Unarmed
rCold    . . .     Gourm    .   (no shield)
rNeg     . . .     Faith    .   (helmet restricted)
rPois    .         Spirit   .   (no amulet)
rElec    .         Reflect  .   (no ring)
rCorr    .         Harm     .   (no ring)
MR       .....                  (no ring)
Stlth    +++.......             (no ring)
HPRegen  0.09/turn              (no ring)
MPRegen  0.10/turn              (no ring)
                                (no ring)
                                (no ring)

@: no status effects
A: almost no armour, stealthy swim, amphibious, 8 rings, constrict 8, camouflage
1, gelatinous body 1
a: no special abilities


You were on level 3 of the Dungeon.
You were very hungry.

You visited 1 branch of the dungeon, and saw 3 of its levels.

You collected 176 gold pieces.

Inventory:

Missiles
 a - 27 arrows
 p - 15 poisoned needles
Jewellery
 g - a cursed ring of loudness {unknown}
 l - an uncursed ring of magical power {unknown}
Scrolls
 d - a scroll of blinking {unknown}
 h - a scroll of identify {unknown}
 i - a scroll of teleportation {unknown}
 j - 2 scrolls of amnesia {unknown}
 k - 2 scrolls of fog {unknown}
 m - a scroll of remove curse {unknown}
Potions
 e - 2 potions of curing
 q - 2 potions of heal wounds {unknown}
 r - 2 potions of might {unknown}
 s - a potion of haste {unknown}
 t - a potion of magic {unknown}
Books
 b - a book of Changes

   Spells                             Type                      Level
   a - Beastly Appendage              Transmutation                1
   b - Sticks to Snakes               Transmutation                2
   c - Spider Form                    Transmutation/Poison         3
   d - Ice Form                       Ice/Transmutation            4
   e - Blade Hands                    Transmutation                5
Comestibles
 c - a bread ration
 f - a meat ration
 o - a royal jelly


   Skills:
 - Level 1.0 Fighting
 - Level 2.0 Dodging
 + Level 2.4 Stealth
 + Level 5.0 Unarmed Combat
 - Level 2.0 Spellcasting
 - Level 2.0 Transmutations


You had one spell level left.
You knew the following spells:

 Your Spells              Type           Power        Failure   Level  Hunger
a - Beastly Appendage     Tmut           #.....       10%         1    #......
b - Sticks to Snakes      Tmut           #.......     14%         2    ###....
c - Spider Form           Tmut/Pois      #.........   41%         3    ###....


Dungeon Overview and Level Annotations

Branches:
Dungeon (3/15)

Altars:
Kikubaaqudgha
Nemelex Xobeh

Annotations:
D:3 gaul's ghost, amateur MiFi


Innate Abilities, Weirdness & Mutations

You cannot wear most types of armour.
You are very stealthy in the water. (Stealth+)
You are amphibious.
You can wear up to eight rings at the same time.
You can use your tentacles to constrict eight enemies at once.
Your skin changes colour to match your surroundings (Stealth+).
Your rubbery body absorbs attacks. (AC +1, EV +1)


Message History

Casting: Spider Form
Confirm with . or Enter, or press ? or * to list all spells.
You create a snake!
You now have 29 arrows.
Gaul's ghost hits you but does no damage.
Casting: Sticks to Snakes
Confirm with . or Enter, or press ? or * to list all spells.
You create a snake!
You now have 28 arrows.
Gaul's ghost hits you!
Casting: Sticks to Snakes
Confirm with . or Enter, or press ? or * to list all spells.
You create a snake!
You now have 27 arrows.
Gaul's ghost hits you!
Ouch! That really hurt!
* * * LOW HITPOINT WARNING * * *
Your ball python closely misses gaul's ghost.
Your ball python bites gaul's ghost.
Your ball python bites gaul's ghost. x2
Your ball python barely misses gaul's ghost.
You see here a hand axe.
Your ball python barely misses gaul's ghost.
Gaul's ghost hits you!
You die...

.. .. ... ##. #.# ..##
#.# ..# #.# #.# #.#
#.# #.#
#######)####.#########
........<.SSSW@.......
######..####.##.......
#...# #.# .#...##
#.#.# #.# .# #.# #. ..
#.# .# # #. ..##.# .#
#. ...#.# .. #. )..#.#
## #. ....


You could see gaul's ghost and 3 friendly ball pythons.

Vanquished Creatures
  Jessica (D:2)
  3 adders (D:2)
  A worm (D:2)
  A dart slug (D:1)
  A ball python (D:1)
  3 giant cockroaches
  6 goblins
  6 hobgoblins
  4 jackals (D:2)
  6 bats
  4 frilled lizards
  4 kobolds
  4 rats
44 creatures vanquished.

Notes
Turn   | Place    | Note
-------+----------+-------------------------------------------
     0 | D:1      | tehllama the Octopode Transmuter began the quest for the Orb.
     0 | D:1      | Reached XP level 1. HP: 13/13 MP: 3/3
   323 | D:1      | Reached XP level 2. HP: 18/18 MP: 5/5
   932 | D:2      | Noticed Jessica
   939 | D:2      | Killed Jessica
   939 | D:2      | Reached skill level 4 in Unarmed Combat
   939 | D:2      | Reached XP level 3. HP: 14/23 MP: 4/6
  1586 | D:2      | Reached skill level 1 in Stealth
  1586 | D:2      | Reached XP level 4. HP: 22/28 MP: 7/7
  2076 | D:2      | Found an ancient bone altar of Kikubaaqudgha.
  2076 | D:2      | Found a sparkling altar of Nemelex Xobeh.
  2272 | D:3      | Noticed gaul's ghost (amateur MiFi)
  2451 | D:2      | Reached skill level 5 in Unarmed Combat
  2617 | D:2      | Learned a level 2 spell: Sticks to Snakes
  2621 | D:2      | Learned a level 3 spell: Spider Form
  2845 | D:3      | Mangled by gaul's ghost

Vault maps used:
D:1:      nicolae_arrival_memento_mori
D:2:      gammafunk_temple_overflow_pools, uniq_jessica
D:3:      lemuel_doored_altar, yredelemnul_forgotten_temple_becter

Skill      XL: |  1  2  3  4 |
---------------+-------------+-----
Unarmed Combat | 4 5 |  5.0
Stealth        | 1 2 |  2.4
Fighting       | |  1.0
Dodging        | |  2.0
Spellcasting   | |  2.0
Transmutations | |  2.0

Action                   |  1- 3 |  4- 6 || total
-------------------------+-------+-------++-------
Melee: Unarmed           |    54 |    44 ||    98
       Constrict         |    13 |     8 ||    21
       Tentacles         |     8 |     4 ||    12
       Punch             |     1 |     1 ||     2
       Kick              |     6 |     8 ||    14
 Cast: Beastly Appendage |     7 |     6 ||    13
       Sticks to Snakes  |       |     3 ||     3
       Spider Form       |       |     1 ||     1
  Use: Potion            |       |     1 ||     1
 Stab: Sleeping          |     7 |     2 ||     9
  Eat: Chunk             |     2 |     3 ||     5
Armor: Skin              |     4 |     6 ||    10
Dodge: Dodged            |    18 |    33 ||    51
